 Dungeon Crawl Stone Soup version 0.29.1-1-gd02db6906a (console) character file.

Game seed: 12205762637450293437

735 om the Chiller (level 7, 0/52 HPs)
             Began as a Merfolk Ice Elementalist on Oct 11, 2022.
             Was an Initiate of Hepliaklqana.
             Killed by nerve-wracking pain
             ... invoked by Grinder
              (14 damage)
             ... on level 3 of the Dungeon.
             The game lasted 00:08:54 (4554 turns).

om the Chiller (Merfolk Ice Elementalist)           Turns: 4554, Time: 00:08:55

Health: 0/52       AC:  4    Str:  8    XL:     7   Next: 74%
Magic:  13/13      EV: 29    Int: 17    God:    Hepliaklqana [......]
Gold:   230        SH:  0    Dex: 26    Spells: 7/14 levels left

rFire   . . .      SeeInvis .   A - +1 dagger (speed)
rCold   . . .      Faith    .   (no shield)
rNeg    . . .      Spirit   .   y - +0 troll leather armour {Pargi}
rPois   .          Reflect  .   (no helmet)
rElec   .          Harm     .   (no cloak)
rCorr   .          Rampage  .   (no gloves)
Will    .....                   (no boots)
Stlth   +++.......              x - amulet of the acrobat
HPRegen 0.97/turn               h - +6 ring of dexterity
MPRegen 0.13/turn               v - +6 ring of dexterity

@: acrobatic
A: (nimble swimmer 2), mertail
a: Renounce Religion


You were on level 3 of the Dungeon.
You worshipped Hepliaklqana.
Hepliaklqana was noncommittal.
You visited 1 branch of the dungeon, and saw 5 of its levels.

You collected 230 gold pieces.

Inventory:

Hand Weapons
 A - a +1 dagger of speed (weapon)
Armour
 a - a +0 robe
 d - a +1 leather armour of cold resistance
 y - a +0 troll leather armour (worn) {Pargi}
Jewellery
 h - a +6 ring of dexterity (left hand)
 v - a +6 ring of dexterity (right hand)
 x - an amulet of the acrobat (around neck)
Wands
 e - a wand of iceblast (10)
Scrolls
 i - 2 scrolls of fear
 k - a scroll of immolation {unknown}
 m - 4 scrolls of teleportation
 n - a scroll of vulnerability {unknown}
 o - a scroll of amnesia {unknown}
 q - a scroll of enchant armour {unknown}
 r - a scroll of summoning {unknown}
 s - a scroll of fog
 z - a scroll of blinking
Potions
 b - a potion of magic
 c - 3 potions of curing
 f - 2 potions of brilliance {unknown}
 g - 2 potions of haste
 j - a potion of heal wounds {unknown}
 l - a potion of experience {unknown}
 p - a potion of invisibility {unknown}
 t - a potion of degeneration {unknown}
 u - a potion of lignification {unknown}
 w - a potion of ambrosia {unknown}


   Skills:
 - Level 3.0 Fighting
 + Level 4.1 Dodging
 - Level 2.2 Stealth
 - Level 4.0 Spellcasting
 + Level 7.4 Ice Magic
 * Level 3.1 Invocations


You had 7 spell levels left.
You knew the following spells:

 Your Spells              Type           Power      Damage    Failure   Level
a - Freeze                Ice            100%       1d11      1%          1
b - Frozen Ramparts       Ice            56%        1d9       3%          3
c - Ozocubu's Armour      Ice            28%        N/A       3%          3

Your spell library contained the following spells:

 Spells                   Type           Power      Damage    Failure   Level
 Ensorcelled Hibernation  Hex/Ice        30%        N/A       8%          2
 Shock                    Conj/Air       12%        1d3       22%         1
 Passwall                 Tmut/Erth      2%         N/A       34%         2
 Hailstorm                Conj/Ice       15%        3d5       45%         4
 Swiftness                Air            3%         N/A       56%         3
 Airstrike                Air            1%         2d(1-17)  92%         4


Dungeon Overview and Level Annotations

Branches:
Dungeon (5/15)
 Temple: D:4-7

Altars:
Ashenzari
Hepliaklqana
Kikubaaqudgha
Nemelex Xobeh
Yredelemnul

Annotations:
D:2 exclusion: scorpion
D:3 Grinder
D:4 2 transporters, Menkaure


Innate Abilities, Weirdness & Mutations

((You are very nimble when in or above water. (Stealth+, EV+, Speed+++)))
Your lower body shifts to a powerful aquatic tail in water.


Message History

Grinder is almost dead.
Grinder gestures at you.
You suddenly lose the ability to move!
Grinder blinks! x2
You can move again.
You are too injured to fight recklessly!
You are too injured to fight recklessly!
You are too injured to fight recklessly!
You are too injured to fight recklessly!
You are too injured to fight recklessly!
Grinder gestures at you.
You shrug off the repeated paralysis!
Grinder gestures at you. Pain shoots through your body! Grinder hits you!
You writhe in agony.
Unknown command.
You barely miss Grinder.
Grinder is severely wounded.
You hit Grinder.
Grinder is almost dead.
Grinder blinks!
Grinder says, "Make like a tree!"
Grinder gestures at you.
You suddenly lose the ability to move!
Grinder says, "There's only one good use for a tongue: cutting it out."
Grinder gestures at you.
You struggle to resist.
Grinder hits you but does no damage. Grinder hits you!
* * * LOW HITPOINT WARNING * * *
You writhe in agony.
* * * LOW HITPOINT WARNING * * *
You can move again.
Unknown command.
You barely miss Grinder.
Grinder is almost dead.
Grinder blinks!
Grinder gestures at you. Pain shoots through your body!
You die...

♣..# #.....#.###### ♣♣.#
##...##.##....
♣.########.###.##.###
♣.................# #
♣.########.###.#### # ♣♣.#
#.# #.###### #.. ..♣♣§.# #.#
#....... .. ♣..♣♣.#########.#
######## ..♣♣..♣.....@......#
# .♣..♣♣5#.#######..#
#...(....#.# #####..##
#.#...5.##.# #[......########
#...###.##.###.###..........#
#.###.##...........######.#
#5##.........##.....# #.##
#.##..##########...## #.##
#.......# ##.## #.#.


You could see Grinder.

Vanquished Creatures
  Sigmund (D:3)
  Pargi (D:3)
  Blork the orc (D:4)
  2 scorpions (D:4)
  An orc priest (D:3)
  2 hounds
  A jelly (D:4)
  Ijyb (D:4)
  An orc wizard (D:4)
  4 adders
  An ufetubus (D:3)
  A dart slug (D:4)
  8 orcs
  9 ball pythons
  5 endoplasms
  A giant cockroach (D:1)
  8 goblins
  11 hobgoblins
  5 kobolds
  4 quokkas
  7 bats
  7 frilled lizards
  6 rats
88 creatures vanquished.

Vanquished Creatures (others)
  A plant (D:4)
1 creature vanquished.

Grand Total: 89 creatures vanquished

Notes
Turn   | Place    | Note
-------+----------+-------------------------------------------
     0 | D:1      | om the Merfolk Ice Elementalist began the quest for the
                  | Orb.
     0 | D:1      | Reached XP level 1. HP: 13/13 MP: 3/3
   430 | D:1      | Reached XP level 2. HP: 19/19 MP: 1/5
   753 | D:1      | Found a faded altar of an unknown god.
  1294 | D:2      | Noticed a scorpion
  1343 | D:2      | Reached skill level 5 in Ice Magic
  1343 | D:2      | Reached XP level 3. HP: 24/24 MP: 4/6
  2197 | D:3      | Found a sparkling altar of Nemelex Xobeh.
  2229 | D:3      | Reached XP level 4. HP: 24/30 MP: 2/7
  2235 | D:3      | Learned a level 3 spell: Frozen Ramparts
  2239 | D:3      | Learned a level 3 spell: Ozocubu's Armour
  2425 | D:3      | Noticed Sigmund
  2434 | D:3      | Killed Sigmund
  2435 | D:3      | Reached skill level 6 in Ice Magic
  2435 | D:3      | Reached skill level 7 in Ice Magic
  2435 | D:3      | Reached XP level 5. HP: 33/35 MP: 0/10
  2435 | D:3      | Reached XP level 6. HP: 38/41 MP: 0/11
  3320 | D:3      | Noticed Pargi
  3325 | D:3      | Killed Pargi
  3431 | D:3      | Noticed Grinder
  3434 | D:3      | Paralysed by Grinder for 3 turns
  3442 | D:3      | Paralysed by Grinder for 2 turns
  3559 | D:4      | Found a hazy altar of Hepliaklqana.
  3577 | D:4      | Became a worshipper of Hepliaklqana the Forgotten
  3615 | D:4      | Reached skill level 1 in Invocations
  3615 | D:4      | Reached XP level 7. HP: 48/52 MP: 8/13
  3666 | D:4      | Found a broken altar of Ashenzari.
  3722 | D:4      | Noticed Blork the orc
  3828 | D:4      | Killed Blork the orc
  4008 | D:4      | Found a transporter.
  4027 | D:4      | Found a transporter.
  4047 | D:4      | Found an ancient bone altar of Kikubaaqudgha.
  4051 | D:4      | Noticed Menkaure
  4057 | D:4      | Found a basalt altar of Yredelemnul.
  4147 | D:4      | Noticed Ijyb
  4154 | D:4      | Killed Ijyb
  4413 | D:5      | Entered Level 5 of the Dungeon
  4486 | D:3      | Paralysed by Grinder for 3 turns
  4519 | D:3      | Paralysed by Grinder for 5 turns
  4530 | D:3      | Paralysed by Grinder for 5 turns
  4545 | D:3      | Paralysed by Grinder for 5 turns
  4554 | D:3      | Killed from afar by Grinder

Illustrated notes

Levels and vault maps discovered:
D:1:      nzn_arrival_crosshair, layout_basic, shapermc_ecumenical_altar_venn,
          eino_curves_02, minmay_pentomino_s2
D:2:      layout_basic
D:3:      minmay_chambers_of_twos, layout_loops_corners,
          mainiacjoe_overflow_catch_the_wave, uniq_grinder, uniq_pargi,
          uniq_sigmund
D:4:      layout_rooms, nicolae_hepliaklqana_hazy_memory, kennysheep_little_box,
          gammafunk_temple_of_torment, minmay_liquid_box,
          kennysheep_generic_room_7, uniq_blork_the_orc, uniq_ijyb
D:5:      layout_basic, fiery_altar_vehumet, minmay_temple_entry_mini_moons,
          hangedman_decor_peaks_small, grunt_ministairs_11,
          kennysheep_generic_room_14

Skill      XL: |  1  2  3  4  5  6  7 |
---------------+----------------------+-----
Dodging        | 3 4 |  4.1
Ice Magic      | 5 7 |  7.4
Spellcasting   | 3 4 |  4.0
Fighting       | 3 |  3.0
Invocations    | 1 3 |  3.1
Stealth        | |  2.2

Action                   |  1- 3 |  4- 6 |  7- 9 || total
-------------------------+-------+-------+-------++-------
Melee: Dagger            |    32 |    58 |    43 ||   133
       Punch             |       |     1 |       ||     1
 Cast: Freeze            |    29 |    27 |    13 ||    69
       Ozocubu's Armour  |       |     4 |     6 ||    10
       Frozen Ramparts   |       |     4 |     6 ||    10
  Use: Scroll            |     5 |     3 |     1 ||     9
       Potion            |       |     1 |       ||     1
 Stab: Sleeping          |    11 |     9 |     4 ||    24
Armor: Robe              |    10 |    20 |       ||    30
       Troll leather arm |       |     3 |     4 ||     7
Dodge: Dodged            |    34 |    64 |    26 ||   124
